 Dungeon Crawl Stone Soup version 0.30-b1-2-g02819fbbbe (webtiles) character file.

Game seed: 13033304182250720908

928 Arzdou the Ducker (level 8, 0/67 HPs)
             Began as a Gnoll Monk on June 1, 2023.
             Was a Follower of Uskayaw.
             Slain by an orc warrior
             ... wielding a +2 dire flail of protection
              (9 damage)
             ... on level 5 of the Dungeon.
             The game lasted 00:06:48 (4732 turns).

Arzdou the Ducker (Gnoll Monk)                      Turns: 4732, Time: 00:06:49

Health: 0/67       AC:  7    Str: 11    XL:     8   Next: 11%
Magic:  12/12      EV: 16    Int: 10    God:    Uskayaw [*.....]
Gold:   255        SH:  0    Dex: 16    Spells: 13/13 levels left

rFire   . . .        a - +0 falchion
rCold   + . .        d - orb {light}
rNeg    . . .        L - +0 steam dragon scales
rPois   .            (no helmet)
rElec   .            q - +0 cloak
rCorr   .            n - +0 pair of gloves
SInv    .            (no boots)
Will    +....        x - amulet of faith
Stlth   +            y - ring of willpower
HPRegen 0.31/turn    G - ring of protection from cold
MPRegen 0.13/turn

%: faith
@: glowing
A: fangs 1, strong nose, distributed training
a: Renounce Religion, Stomp


You were on level 5 of the Dungeon.
You worshipped Uskayaw.
Uskayaw was noncommittal.
You visited 1 branch of the dungeon, and saw 6 of its levels.

You collected 255 gold pieces.

Inventory:

Hand Weapons
 a - a +0 falchion (weapon)
Missiles
 m - a throwing net (quivered)
 s - 3 datura-tipped darts
 B - 7 poisoned darts
Armour
 b - a +0 robe
 d - an orb of light (worn)
 j - a +0 leather armour
 n - a +0 pair of gloves (worn)
 q - a +0 cloak (worn)
 A - a +0 buckler
 L - +0 steam dragon scales (worn)
Jewellery
 t - a +6 ring of intelligence
 v - a ring of fire
 x - an amulet of faith (around neck)
 y - a ring of willpower (left hand)
 G - a ring of protection from cold (right hand)
Wands
 E - a wand of iceblast (9)
 I - a wand of digging (5)
Scrolls
 e - 2 scrolls of vulnerability {unknown}
 f - a scroll of brand weapon {unknown}
 g - 2 scrolls of teleportation {unknown}
 h - 2 scrolls of immolation {unknown}
 l - 5 scrolls of identify {unknown}
 o - 3 scrolls of fog {unknown}
 u - a scroll of fear {unknown}
 w - 2 scrolls of enchant weapon {unknown}
 D - a scroll of silence {unknown}
 H - a scroll of noise {unknown}
 J - a scroll of enchant armour {unknown}
 K - a scroll of amnesia {unknown}
Potions
 i - 3 potions of lignification {unknown}
 k - 3 potions of curing {unknown}
 p - a potion of brilliance {unknown}
 r - a potion of resistance {unknown}
 z - a potion of might {unknown}
 C - a potion of mutation {unknown}
 F - a potion of flight {unknown}


   Skills:
 + Level 7.3 Fighting
 + Level 3.1 Short Blades
 + Level 7.3 Long Blades
 + Level 3.1 Axes
 + Level 3.1 Maces & Flails
 + Level 3.1 Polearms
 + Level 3.1 Staves
 + Level 3.1 Ranged Weapons
 + Level 3.1 Throwing
 + Level 3.1 Armour
 + Level 7.3 Dodging
 + Level 3.1 Stealth
 + Level 3.1 Shields
 + Level 3.1 Unarmed Combat
 + Level 3.1 Spellcasting
 + Level 2.5 Conjurations
 + Level 2.5 Hexes
 + Level 2.5 Summonings
 + Level 2.5 Necromancy
 + Level 2.5 Translocations
 + Level 2.5 Transmutations
 + Level 2.5 Fire Magic
 + Level 2.5 Ice Magic
 + Level 2.5 Air Magic
 + Level 2.5 Earth Magic
 + Level 2.5 Poison Magic
 + Level 3.4 Invocations
 + Level 3.1 Evocations


You had 13 spell levels left.
You didn't know any spells.
Your spell library contained the following spells:

 Spells                   Type           Power      Damage    Failure   Level
 Scorch                   Fire           12%        2d5       16%         2
 Flame Wave               Conj/Fire      6%         2d5       69%         4
 Summon Cactus Giant      Summ           3%         N/A       100%        6


Dungeon Overview and Level Annotations

Branches:
Dungeon (6/15)             Temple (0/1) D:4

Altars:
Fedhas
Kikubaaqudgha
Ru
Uskayaw
Xom
The Shining One

Annotations:
D:6 Maggie


Innate Abilities, Weirdness & Mutations

You have very sharp teeth.
Your uncanny sense of smell can sniff out nearby items.
Your experience applies equally to all skills.


Message History

The orc warrior barely misses you.
You slash the orc warrior!
The orc warrior is severely wounded.
The orc warrior misses you.
You hit the orc warrior but do no damage.
The orc warrior is severely wounded.
The orc warrior barely misses you.
You slash the orc warrior!
The orc warrior is almost dead.
The orc warrior barely misses you.
You can now pass through a line of other dancers.
You hit the orc warrior but do no damage.
Your bite misses the orc warrior.
The orc warrior is almost dead.
The orc warrior misses you.
You hit the orc warrior but do no damage.
You bite the orc warrior, but do no damage.
The orc warrior is almost dead.
The orc warrior completely misses you.
You barely miss the orc warrior.
The orc warrior is almost dead.
The orc warrior hits you but does no damage.
You hit the orc warrior but do no damage.
The orc warrior is almost dead.
You barely miss the orc warrior.
You bite the orc warrior, but do no damage.
The orc warrior is almost dead.
The orc warrior hits you with a +2 dire flail of protection!
* * * LOW HITPOINT WARNING * * *
You can no longer pass through a line of other dancers.
You are confused.
You feel invigorated. The orc warrior barely misses you.
You bump into the rock wall.
The orc warrior hits you with a +2 dire flail of protection!
* * * LOW HITPOINT WARNING * * *
You bump into the rock wall.
You feel less invigorated.
You feel less confused. The orc warrior barely misses you.
The orc warrior hits you with a +2 dire flail of protection!
You die...

#.........# #####
#.#######.# #...# #.# #.#
#...# #.# #.# #...# #.# #.#
##...######## #.# #.#
#...........# #.# #.#
#....######.####### #.####
#.# ................@>#
#....# #.##
#.########......#o# ####.#
#... #.# #####.####.#.#
####.# ###. #.#
#........#.#.# #....# #.
#.# #..........#.# #.####
#. #.#
#.....##.#.#.####.#<.# #.
#.# #.................#..#
#.
#.###########.###.#######.#
#. #.................#
#.....# #.


You could see an orc warrior.

Vanquished Creatures
  A steam dragon (D:5)
  An ice beast (D:6)
  A black bear (D:5)
  A phantom (D:5)
  3 scorpions (D:5)
  A vampire bat (D:4)
  A jelly (D:5)
  6 gnolls
  5 adders
  2 white imps
  An ufetubus (D:5)
  4 worms
  5 dart slugs
  3 fire bats (D:4)
  4 orcs
  2 spectral bats (D:4)
  17 bats
  3 bat skeletons (D:4)
  A bat zombie (D:4)
  5 endoplasms
  4 giant cockroaches
  4 goblins
  8 hobgoblins
  8 quokkas
  5 ball pythons
  A bat simulacrum (D:4)
  3 frilled lizards
  7 kobolds
  3 rats
110 creatures vanquished.

Vanquished Creatures (others)
  A plant (D:1)
1 creature vanquished.

Grand Total: 111 creatures vanquished

Notes
Turn   | Place    | Note
-------+----------+-------------------------------------------
     0 | D:1      | Arzdou the Gnoll Monk began the quest for the Orb.
     0 | D:1      | Reached XP level 1. HP: 23/23 MP: 1/1
   141 | D:1      | Reached XP level 2. HP: 25/29 MP: 2/2
   424 | D:1      | Reached XP level 3. HP: 35/35 MP: 3/3
   671 | D:2      | Reached skill level 1 in Invocations
   936 | D:2      | Reached skill level 1 in Short Blades
   936 | D:2      | Reached skill level 1 in Axes
   936 | D:2      | Reached skill level 1 in Maces & Flails
   936 | D:2      | Reached skill level 1 in Polearms
   936 | D:2      | Reached skill level 1 in Staves
   936 | D:2      | Reached skill level 1 in Ranged Weapons
   936 | D:2      | Reached skill level 1 in Throwing
   936 | D:2      | Reached skill level 1 in Armour
   936 | D:2      | Reached skill level 1 in Stealth
   936 | D:2      | Reached skill level 1 in Shields
   936 | D:2      | Reached skill level 1 in Unarmed Combat
   936 | D:2      | Reached skill level 1 in Spellcasting
   936 | D:2      | Reached skill level 1 in Evocations
   960 | D:2      | Found a faded altar of an unknown god.
   994 | D:2      | Prayed at the altar of an unknown god.
   994 | D:2      | Became a worshipper of Uskayaw the Reveller
   994 | D:2      | Reached * piety under Uskayaw
   994 | D:2      | Reached ** piety under Uskayaw
  1137 | D:2      | Reached XP level 4. HP: 41/41 MP: 5/5
  1486 | D:2      | Reached skill level 1 in Conjurations
  1486 | D:2      | Reached skill level 1 in Hexes
  1486 | D:2      | Reached skill level 1 in Summonings
  1486 | D:2      | Reached skill level 1 in Necromancy
  1486 | D:2      | Reached skill level 1 in Translocations
  1486 | D:2      | Reached skill level 1 in Transmutations
  1486 | D:2      | Reached skill level 1 in Fire Magic
  1486 | D:2      | Reached skill level 1 in Ice Magic
  1486 | D:2      | Reached skill level 1 in Air Magic
  1486 | D:2      | Reached skill level 1 in Earth Magic
  1486 | D:2      | Reached skill level 1 in Poison Magic
  2092 | D:3      | Reached *** piety under Uskayaw
  2094 | D:3      | Reached XP level 5. HP: 26/46 MP: 5/7
  2098 | D:3      | Reached **** piety under Uskayaw
  2635 | D:3      | Found a blossoming altar of Fedhas.
  2794 | D:4      | Found a staircase to the Ecumenical Temple.
  3037 | D:4      | Reached XP level 6. HP: 45/53 MP: 8/8
  3039 | D:4      | Reached ***** piety under Uskayaw
  3236 | D:4      | Found a hide-covered altar of Uskayaw.
  3236 | D:4      | Found an ancient bone altar of Kikubaaqudgha.
  3246 | D:4      | Found a glowing golden altar of the Shining One.
  3248 | D:4      | Found a shimmering altar of Xom.
  3250 | D:4      | Found a sacrificial altar of Ru.
  3273 | D:5      | Entered Level 5 of the Dungeon
  3316 | D:5      | Noticed a black bear
  3331 | D:5      | Killed a black bear
  3519 | D:5      | Reached XP level 7. HP: 51/60 MP: 10/10
  4415 | D:6      | Noticed a steam dragon
  4416 | D:6      | Noticed Maggie
  4507 | D:5      | Killed a steam dragon
  4508 | D:5      | Reached XP level 8. HP: 26/67 MP: 12/12
  4732 | D:5      | Slain by an orc warrior

Illustrated notes

Levels and vault maps discovered:
D:1:      eino_arrival_cavern_e, layout_rooms, serial_forest,
          infiniplex_forest_straight_4, infiniplex_forest_clump_small,
          infiniplex_forest_clump_medium, infiniplex_forest_clump_double,
          infiniplex_forest_clump_tiny, infiniplex_forest_clump_long
D:2:      layout_loops_corners, shapermc_ecumenical_altar_totnotflames,
          kennysheep_generic_room_2
D:3:      layout_loops_ring, fedhas_altar_fruit_tree, nicolae_underground_beach
D:4:      layout_rooms, chequers_temple_overflow_minitemple, temple_doors_ab,
          goddamned_bats
D:5:      layout_basic
D:6:      layout_cave_pools, serial_column_ruins, column_ruins_hut,
          column_ruins_open_small_water, column_ruins_open_small,
          column_ruins_open_tiny, column_ruins_columns_water,
          column_ruins_open_tiny, uniq_maggie

Skill      XL: |  1  2  3  4  5  6  7 |
---------------+----------------------+-----
Invocations    | 1 2 3 |  3.4
Short Blades   | 1 2 3 |  3.1
Axes           | 1 2 3 |  3.1
Maces & Flails | 1 2 3 |  3.1
Polearms       | 1 2 3 |  3.1
Staves         | 1 2 3 |  3.1
Ranged Weapons | 1 2 3 |  3.1
Throwing       | 1 2 3 |  3.1
Armour         | 1 2 3 |  3.1
Stealth        | 1 2 3 |  3.1
Shields        | 1 2 3 |  3.1
Unarmed Combat | 1 2 3 |  3.1
Spellcasting   | 1 2 3 |  3.1
Evocations     | 1 2 3 |  3.1
Conjurations   | 1 2 |  2.5
Hexes          | 1 2 |  2.5
Summonings     | 1 2 |  2.5
Necromancy     | 1 2 |  2.5
Translocations | 1 2 |  2.5
Transmutations | 1 2 |  2.5
Fire Magic     | 1 2 |  2.5
Ice Magic      | 1 2 |  2.5
Air Magic      | 1 2 |  2.5
Earth Magic    | 1 2 |  2.5
Poison Magic   | 1 2 |  2.5
Fighting       | 7 |  7.3
Long Blades    | 7 |  7.3
Dodging        | 7 |  7.3

Action                     |  1- 3 |  4- 6 |  7- 9 || total
---------------------------+-------+-------+-------++-------
  Melee: Falchion          |    97 |   159 |   118 ||   374
         Bite              |    11 |    21 |    19 ||    51
 Invoke: Stomp             |       |     1 |     3 ||     4
    Use: Potion            |       |       |     1 ||     1
   Stab: Paralysed         |       |     3 |     2 ||     5
 Armour: Robe              |     9 |       |       ||     9
         Leather armour    |       |    51 |    20 ||    71
         Steam dragon scal |       |       |     1 ||     1
  Dodge: Dodged            |    66 |   147 |    92 ||   305
